 Dungeon Crawl Stone Soup version 0.30.1-9-gdf580d7c3d (webtiles) character file.

Game seed: 16001936727549511309

256 lonewolfV2 the Chopper (level 6, -8/48 HPs)
             Began as a Formicid Fighter on Sept 27, 2023.
             Mangled by Menkaure (19 damage)
             ... on level 4 of the Dungeon.
             The game lasted 00:05:15 (2504 turns).

lonewolfV2 the Chopper (Formicid Fighter)           Turns: 2504, Time: 00:05:15

Health: -8/48      AC:  7    Str: 21    XL:     6   Next: 38%
Magic:  6/6        EV:  9    Int:  7    God:
Gold:   176        SH:  6    Dex: 15    Spells: 5/5 levels left

rFire   . . .        a - +0 war axe
rCold   + . .        c - +1 buckler
rNeg    . . .        b - +0 scale mail
rPois   .            (helmet unavailable)
rElec   .            (no cloak)
rCorr   .            (no gloves)
SInv    +            (no boots)
Will    .....        (no amulet) Stlth
                     o - ring of protection from cold
HPRegen 0.28/turn    (no ring)
MPRegen 0.10/turn

%: no passive effects
@: mighty
A: permanent stasis, dig shafts and tunnels, antennae 3, four strong arms
a: Dig, Shaft Self


You were on level 4 of the Dungeon.
You visited 1 branch of the dungeon, and saw 4 of its levels.

You collected 176 gold pieces.

Inventory:

Hand Weapons
 a - a +0 war axe (weapon)
Armour
 b - a +0 scale mail (worn)
 c - a +1 buckler (worn)
Jewellery
 o - a ring of protection from cold (left hand)
Potions
 f - a potion of brilliance {unknown}
 g - 2 potions of mutation
 j - 2 potions of lignification
 k - 2 potions of ambrosia {unknown}
 l - a potion of resistance {unknown}
 p - a potion of haste {unknown}


   Skills:
 + Level 4.1 Fighting
 + Level 4.7 Axes
 + Level 4.3 Armour
 + Level 0.5 Dodging
 + Level 0.1 Stealth
 + Level 4.6 Shields


You had 5 spell levels left.
You didn't know any spells.
Your spell library contained the following spells:

 Spells                   Type           Power      Damage    Failure   Level
 Slow                     Hex            0%         N/A       83%         1
 Cigotuvi's Dreadful Rot  Necr/Pois/Air  0%         N/A       92%         2
 Confusing Touch          Hex            0%         N/A       99%         3
 Vampiric Draining        Necr           0%         2d6       99%         3
 Dispel Undead            Necr           0%         3d6       100%        4
 Death Channel            Necr           0%         N/A       100%        6


Dungeon Overview and Level Annotations

Branches:
Dungeon (4/15)
 Temple: D:4-7

Altars:
Kikubaaqudgha
Vehumet

Annotations:
D:4 Menkaure


Innate Abilities, Weirdness & Mutations

You cannot be hasted, slowed, berserked, paralysed or teleported.
You can dig through walls and to a lower floor.
You have a pair of large antennae on your head. (SInv)
Your four strong arms can wield two-handed weapons with a shield.


Message History

You closely miss the jackal. You hit Menkaure but do no damage.
You block the jackal's attack.
A jackal comes into view.
A kobold comes into view. It is wielding a +0 whip.
Menkaure barely misses you. You block the jackal's attack.
The kobold shouts!
You slash the jackal!
You kill the jackal!
You hit Menkaure. Menkaure barely misses you. Menkaure barely misses you.
You closely miss Menkaure.
Menkaure is heavily damaged.
You slash the jackal!
You kill the jackal!
Menkaure calls on the powers of darkness!
Your body is wracked with pain!
The jackal convulses!
The kobold convulses!
A ball python comes into view.
You hear a shout!
You completely miss Menkaure.
Menkaure is moderately damaged.
You barely miss the jackal.
The ball python hisses angrily.
You block the jackal's attack.
Menkaure calls on the powers of darkness!
Your body is wracked with pain!
* * * LOW HITPOINT WARNING * * *
The jackal convulses!
You block the jackal's attack.
You feel better.
The jackal bites you but does no damage.
Menkaure mumbles some strange words.
Menkaure seems to speed up.
You hear a shout!
You feel better. The jackal bites you.
An orc comes into view. It is wielding a +0 hand axe.
Menkaure points at you and mumbles some strange words.
Pain shoots through your body!
* * * LOW HITPOINT WARNING * * *
You feel very mighty all of a sudden. The jackal barely misses you.
Menkaure hits you!!
You die...

*,,,,,,,,,,,,,,,,,,,,,,
*..,,,,..,,,,,,,,,,,,,,
*,..,,...,,,,,,,,,,,,,,
**#.**#.#****,,,,,,,,,,
********####.###.##***,,...,,,,,
*,,,,,,,....S.....,,,,......,<,,
*,,,,,,,.........#***#........,,
*,,,,,,,......h..# #........,,
*,,,,,,,o....KM@.#####........,,
**,,,,,,......#...............,,
*,,,,,,.....,#...............,,
*,,,,,,....,,#...............,,
*,,,,,,...,,,#...............,,
*,,,,,,..,,,,#...............,,
*,,,,,,.,,,,,########........,,
*,,,,,,,,,,,,* ##........,,
*,,,,*,,,,,,** #.........,,


You could see Menkaure (fast), an orc, a jackal, a ball python and a kobold.

Vanquished Creatures
  An orc wizard (D:3)
  Natasha (thrice) (D:3)
  6 adders
  A worm (D:3)
  4 dart slugs
  16 orcs
  5 ball pythons
  8 bats
  3 endoplasms
  2 giant cockroaches (D:1)
  6 goblins
  3 hobgoblins
  2 jackals (D:4)
  5 kobolds
  5 quokkas
  2 frilled lizards
  8 rats
80 creatures vanquished.

Notes
Turn   | Place    | Note
-------+----------+-------------------------------------------
     0 | D:1      | lonewolfV2 the Formicid Fighter began the quest for the
                  | Orb.
     0 | D:1      | Reached XP level 1. HP: 18/18 MP: 1/1
    64 | D:1      | Reached XP level 2. HP: 22/24 MP: 2/2
   271 | D:1      | Reached XP level 3. HP: 29/29 MP: 3/3
   852 | D:2      | Reached XP level 4. HP: 37/37 MP: 4/4
   890 | D:2      | Found a radiant altar of Vehumet.
  1630 | D:3      | Noticed Natasha
  1638 | D:3      | Killed Natasha
  1639 | D:3      | Reached XP level 5. HP: 36/42 MP: 5/5
  1801 | D:3      | Noticed Natasha
  1806 | D:3      | Killed Natasha
  1881 | D:3      | Reached XP level 6. HP: 44/48 MP: 6/6
  1890 | D:3      | Found a faded altar of an unknown god.
  1984 | D:3      | Noticed Natasha
  2001 | D:3      | Killed Natasha
  2156 | D:3      | Found an ancient bone altar of Kikubaaqudgha.
  2494 | D:4      | Noticed Menkaure
  2504 | D:4      | Mangled by Menkaure

Illustrated notes

Levels and vault maps discovered:
D:1:      dpeg_arrival_tiny_a, layout_basic
D:2:      layout_basic, basic_altar, chequers_serial_rivers_micro_d,
          mrwooster_statue_mirror
D:3:      layout_rooms, nicolae_kikubaaqudgha_miasma_corner,
          hellmonk_ecumenical_altar_defaced_shrine, minmay_quadrilaterals,
          uniq_natasha
D:4:      layout_basic, uniq_edmund, uniq_crazy_yiuf_cottage, uniq_menkaure

Skill      XL: |  1  2  3  4  5 |
---------------+----------------+-----
Axes           | 3 4 |  4.7
Armour         | 4 |  4.3
Fighting       | 4 |  4.1
Dodging        | |  0.5
Stealth        | |  0.1
Shields        | |  4.6

Action                     |  1- 3 |  4- 6 || total
---------------------------+-------+-------++-------
  Melee: War axe           |    75 |   118 ||   193
    Use: Scroll            |       |     9 ||     9
         Potion            |       |     3 ||     3
 Armour: Scale mail        |    40 |    69 ||   109
  Dodge: Dodged            |    41 |    54 ||    95
  Block: Buckler           |    25 |    37 ||    62
